 Dungeon Crawl Stone Soup version 0.29.1-12-g30fa7ad0bf (webtiles) character file.

Game seed: 4985309646012388570

53 hawla the Chiller (level 4, -6/33 HPs)
             Began as a Meteoran Ice Elementalist on Jan 9, 2023.
             Mangled by Dvallin's ghost (14 damage)
             ... on level 3 of the Dungeon.
             The game lasted 00:02:40 (264 turns).

hawla the Chiller (Meteoran Ice Elementalist)        Turns: 264, Time: 00:02:41

Health: -6/33      AC:  2    Str:  9    XL:     4   Next: 32%
Magic:  3/10       EV: 12    Int: 18    God:
Gold:   66         SH:  0    Dex: 15    Spells: 6/10 levels left

rFire   . . .      SeeInvis .   (no weapon)
rCold   . . .      Faith    .   (no shield)
rNeg    . . .      Spirit   .   a - +0 robe
rPois   .          Reflect  .   (no helmet)
rElec   .          Harm     .   (no cloak)
rCorr   .          Rampage  .   (no gloves)
Will    .....                   (no boots)
Stlth   +.........              (no amulet)
HPRegen 0.11/turn               (no ring)
MPRegen 0.12/turn               (no ring)

@: freezing walls, glowing
A: sense surroundings 1, otherworldly, glowing, explore regen
a: no special abilities


You were on level 3 of the Dungeon.
You visited 1 branch of the dungeon, and saw 3 of its levels.

You collected 66 gold pieces.

Inventory:

Armour
 a - a +0 robe (worn)
Wands
 d - a wand of flame (28)
Scrolls
 c - a scroll of butterflies {unknown}
 e - a scroll of teleportation {unknown}
 h - a scroll of immolation {unknown}
Potions
 b - 2 potions of berserk rage {unknown}
 f - a potion of flight {unknown}
 g - 2 potions of invisibility {unknown}
 i - a potion of resistance {unknown}


   Skills:
 + Level 2.6 Dodging
 - Level 1.4 Stealth
 + Level 3.6 Spellcasting
 + Level 5.3 Ice Magic


You had 6 spell levels left.
You knew the following spells:

 Your Spells              Type           Power      Damage    Failure   Level
a - Freeze                Ice            88%        1d10      1%          1
b - Frozen Ramparts       Ice            44%        1d7       4%          3

Your spell library contained the following spells:

 Spells                   Type           Power      Damage    Failure   Level
 Ozocubu's Armour         Ice            22%        N/A       4%          3
 Hailstorm                Conj/Ice       12%        3d5       45%         4


Dungeon Overview and Level Annotations

Branches:
Dungeon (3/15) Zot: 1535

Altars:

Annotations:
D:3 Dvallin's ghost, amateur GnWn


Innate Abilities, Weirdness & Mutations

You passively map a small area around you.
You are easily found by Zot.
You glow in the dark.
You regain HP and MP as you explore.


Message History

You kill the quokka!
The wall freezes Dvallin's ghost but does no damage.
Casting: Freeze (safe; 1% risk of failure)
Confirm with . or Enter, or press ? or * to list all spells.
Aiming: Freeze (safe; 1% risk of failure)
Press: ? - help, Shift-Dir - straight line, f - Dvallin's ghost
Aim: Dvallin's ghost, wielding a vorpal weapon (lightly damaged)
You freeze Dvallin's ghost!
Dvallin's ghost is moderately damaged.
The wall freezes Dvallin's ghost but does no damage.
Dvallin's ghost hits you!
Casting: Freeze (safe; 1% risk of failure)
Confirm with . or Enter, or press ? or * to list all spells.
Aiming: Freeze (safe; 1% risk of failure)
Press: ? - help, Shift-Dir - straight line, f/p - Dvallin's ghost
Aim: Dvallin's ghost, wielding a vorpal weapon (moderately damaged)
You freeze Dvallin's ghost!
Dvallin's ghost is heavily damaged.
The wall freezes Dvallin's ghost.
Dvallin's ghost hits you.
Unknown command.
Casting: Freeze (safe; 1% risk of failure)
Confirm with . or Enter, or press ? or * to list all spells.
Aiming: Freeze (safe; 1% risk of failure)
Press: ? - help, Shift-Dir - straight line, f/p - Dvallin's ghost
Aim: Dvallin's ghost, wielding a vorpal weapon (heavily damaged)
You freeze Dvallin's ghost!
Dvallin's ghost is severely damaged.
The wall freezes Dvallin's ghost but does no damage.
Dvallin's ghost whispers, "Death is liberation."
Dvallin's ghost hits you!
* * * LOW HITPOINT WARNING * * *
Casting: Freeze (safe; 1% risk of failure)
Confirm with . or Enter, or press ? or * to list all spells.
Aiming: Freeze (safe; 1% risk of failure)
Press: ? - help, Shift-Dir - straight line, f/p - Dvallin's ghost
Aim: Dvallin's ghost, wielding a vorpal weapon (severely damaged)
You freeze Dvallin's ghost.
Dvallin's ghost is almost destroyed.
The wall freezes Dvallin's ghost.
Dvallin's ghost hits you!
You die...

,, , * *,,, , ** *
, * * * * ###### *
##....# #.@.#.##
.... , ##W##..#
*...... #~~~##.#
#.......
#~~~##.#####.......
#~~~##.............
#~~~##.............
#~(~##.............
#~~~##.............
~ #.............


You could see Dvallin's ghost.

Vanquished Creatures
  Jessica (D:2)
  A dart slug (D:1)
  3 orcs (D:2)
  3 endoplasms
  2 hobgoblins
  2 jackals (D:2)
  A quokka (D:3)
  4 bats
  3 kobolds (D:3)
  3 rats
23 creatures vanquished.

Notes
Turn   | Place    | Note
-------+----------+-------------------------------------------
     0 | D:1      | hawla the Meteoran Ice Elementalist began the quest for the
                  | Orb.
     0 | D:1      | Reached XP level 1. HP: 14/14 MP: 5/5
    60 | D:1      | Reached XP level 2. HP: 17/20 MP: 4/6
    69 | D:2      | Noticed Jessica
    78 | D:2      | Killed Jessica
    79 | D:2      | Reached skill level 5 in Ice Magic
    79 | D:2      | Reached XP level 3. HP: 10/26 MP: 1/8
   177 | D:2      | Reached XP level 4. HP: 22/33 MP: 7/10
   217 | D:3      | Learned a level 3 spell: Frozen Ramparts
   253 | D:3      | Found a runed translucent door.
   254 | D:3      | Noticed Dvallin's ghost (amateur GnWn)
   264 | D:3      | Mangled by Dvallin's ghost

Illustrated notes

Levels and vault maps discovered:
D:1:      sevenhm_arrival_forest_fort_small_5, layout_basic
D:2:      layout_rooms, basic_ecumenical_altar, uniq_natasha, uniq_jessica
D:3:      layout_basic, fedhas_ov_isle_minmay, ebering_ghost_sewer_f,
          roderic_lattice_a

Skill      XL: |  1  2 |
---------------+-------+-----
Spellcasting   | 3 |  3.6
Ice Magic      | 5 |  5.3
Dodging        | |  2.6
Stealth        | |  1.4

Action                   |  1- 3 |  4- 6 || total
-------------------------+-------+-------++-------
Melee: Unarmed           |    10 |     1 ||    11
 Cast: Freeze            |    21 |    17 ||    38
       Frozen Ramparts   |       |     1 ||     1
  Use: Potion            |     1 |       ||     1
Armor: Robe              |    10 |     6 ||    16
Dodge: Dodged            |    17 |    10 ||    27
